 Dungeon Crawl Stone Soup version 0.31-a0-236-g9a0961fb85 (webtiles) character file.

Game seed: 10840793756859454370

5292 juan097 the Basher (level 10, -4/83 HPs)
             Began as a Formicid Fighter on July 10, 2023.
             Was an Elder of Zin.
             Slain by a two-headed ogre
             ... wielding a +0 giant club
              (6 damage)
             ... on level 10 of the Dungeon.
             The game lasted 00:25:15 (9445 turns).

juan097 the Basher (Formicid Fighter)               Turns: 9445, Time: 00:25:16

Health: -4/83      AC: 16    Str: 26    XL:     10   Next: 94%
Magic:  13/13      EV: 10    Int:  7    God:    Zin [****..]
Gold:   438        SH:  5    Dex: 13    Spells: 9/9 levels left

rFire   + . .        a - +0 great mace (protect)
rCold   . . .        c - +0 buckler
rNeg    . . .        j - +1 scale mail {rF+}
rPois   .            (helmet unavailable)
rElec   .            (no cloak)
rCorr   .            (no gloves)
SInv    +            G - +0 pair of boots
Will    +....        E - amulet of regeneration
Stlth   +            (no ring)
HPRegen 1.13/turn    (no ring)
MPRegen 0.13/turn

%: no passive effects
@: under a protective aura, on recite cooldown
A: permanent stasis, dig shafts and tunnels, antennae 3, four strong arms
a: Dig, Shaft Self, Renounce Religion, Recite, Vitalisation, Imprison, Donate
Gold


You were on level 10 of the Dungeon.
You worshipped Zin.
Zin was greatly pleased with you.
You visited 1 branch of the dungeon, and saw 10 of its levels.

You collected 577 gold pieces.
You spent 91 gold pieces at shops.
You donated 48 gold pieces to Zin.

Inventory:

Hand Weapons
 a - a +0 great mace of protection (weapon)
 b - a +0 orcbow
 o - a +1 flail of holy wrath
Missiles
 e - 5 atropa-tipped darts
 m - 4 boomerangs
 y - 18 poisoned darts (quivered)
Armour
 c - a +0 buckler (worn)
 j - a +1 scale mail of fire resistance (worn)
 G - a +0 pair of boots (worn)
Magical Staves
 i - a staff of fire
Jewellery
 E - an amulet of regeneration (around neck)
Scrolls
 g - 2 scrolls of revelation {unknown}
 h - 3 scrolls of enchant weapon {unknown}
 s - 2 scrolls of torment {unknown}
 u - 3 scrolls of brand weapon
 v - 2 scrolls of amnesia
 z - a scroll of immolation {unknown}
 B - a scroll of vulnerability {unknown}
 C - a scroll of fog {unknown}
 F - a scroll of identify
 H - a scroll of fear {unknown}
 I - a scroll of silence {unknown}
 J - a scroll of enchant armour {unknown}
Potions
 d - 8 potions of might
 f - 2 potions of lignification
 k - a potion of ambrosia
 l - a potion of experience
 n - 2 potions of attraction
 p - 2 potions of curing
 q - 2 potions of brilliance
 r - a potion of magic
 t - 4 potions of cancellation
 w - a potion of invisibility
 x - a potion of enlightenment
 A - a potion of mutation
 D - a potion of heal wounds


   Skills:
 + Level 9.1 Fighting
 + Level 10.1 Maces & Flails
 - Level 4.0 Throwing
 - Level 6.0 Armour
 - Level 2.0 Dodging
 - Level 4.0 Stealth
 - Level 6.0 Shields
 + Level 4.4 Invocations


You had 9 spell levels left.
You didn't know any spells.
Your spell library contained the following spells:

 Spells                   Type           Power      Damage    Failure   Level
 Ensorcelled Hibernation  Hex/Ice        0%         N/A       87%         2
 Dazzling Flash           Conj/Hex       0%         N/A       98%         3
 Gell's Gravitas          Tloc           0%         N/A       98%         3
 Spider Form              Tmut/Pois      0%         N/A       98%         3
 Teleport Other           Tloc           0%         N/A       98%         3
 Anguish                  Hex/Necr       0%         N/A       100%        4
 Agony                    Necr           0%         N/A       100%        5
 Silence                  Hex/Air        0%         N/A       100%        5
 Dispersal                Tloc           0%         N/A       100%        6
 Simulacrum               Ice/Necr       0%         N/A       100%        6
 Malign Gateway           Summ/Tloc      0%         N/A       100%        7
 Ozocubu's Refrigeration  Ice            0%         4d7       100%        7
 Summon Horrible Things   Summ           0%         N/A       100%        8
 Polar Vortex             Ice            0%         N/A       100%        9


Dungeon Overview and Level Annotations

Branches:
Dungeon (10/15)            Temple (0/1) D:7             Orc (0/2) D:10
   Lair: D:8-11

Altars:
Ashenzari
Cheibriados
Dithmenos
Elyvilon
Makhleb
Nemelex Xobeh
Qazlal
Sif Muna
Trog
Wu Jian
Xom
Zin

Shops:
D:2 [   D:3 *   D:4 ?   D:9 (


Innate Abilities, Weirdness & Mutations

You cannot be hasted, slowed, berserked, paralysed or teleported.
You can dig through walls and to a lower floor.
You have a pair of large antennae on your head. (SInv)
Your four strong arms can wield two-handed weapons with a shield.


Message History

The two-headed ogre is lightly wounded. "...heretics would trouble them no longer."
You finish reciting Apostates 13:71. "Amen!"
You shoot an arrow.
The arrow hits the two-headed ogre but does no damage.
The two-headed ogre is lightly wounded.
You shoot an arrow. The arrow hits the two-headed ogre.
The two-headed ogre is lightly wounded.
Your +0 great mace of protection hums with potential!
a - a +0 great mace of protection (weapon)
You block the two-headed ogre's attack. The two-headed ogre barely misses you.
You completely miss the two-headed ogre.
The two-headed ogre is lightly wounded.
The two-headed ogre is no longer dazed.
The two-headed ogre hits you with a +0 giant club! x2
You hit the two-headed ogre but do no damage.
Your weapon exudes an aura of protection.
The two-headed ogre is lightly wounded.
The two-headed ogre hits you with a +0 giant club! x2
You sock the two-headed ogre!
The two-headed ogre is moderately wounded.
You hit the two-headed ogre.
The two-headed ogre is moderately wounded.
The two-headed ogre completely misses you.
The two-headed ogre hits you with a +0 giant club.
You bludgeon the two-headed ogre!!
The two-headed ogre is severely wounded.
The two-headed ogre hits you with a +0 giant club!
The two-headed ogre closely misses you.
You hit the two-headed ogre.
The two-headed ogre is almost dead.
The two-headed ogre hits you with a +0 giant club!
* * * LOW HITPOINT WARNING * * *
The two-headed ogre hits you but does no damage.
You hit the two-headed ogre.
The two-headed ogre is almost dead.
The two-headed ogre hits you with a +0 giant club!!
* * * LOW HITPOINT WARNING * * *
The two-headed ogre hits you with a +0 giant club.
You die...

.........### #..##....#...##
...........####..#..........## .
.O...####....................#..
.....# #......).............#
#...## ###...##...........###
#...# ##...#.....).....## ....##
#..>##..###......#
.....######...#...# ###...##
......(........O@.## ##..#
)....)#####...###..## ###.#
####..# ##..## ##..###...## #..#
#...# ##.........### #...
##..#####......##....####
.#..##.............###...#...#
8.....#............####......##
.............#####.# #......##
..#.........### #.# #...<.##


You could see a two-headed ogre.

Vanquished Creatures
  2 wyverns (D:8)
  4 yaks (D:8)
  3 steam dragons
  A water moccasin (D:8)
  An orc warrior (D:10)
  2 sky beasts
  4 ice beasts
  4 centaurs
  4 kobold brigands
  4 bullfrogs
  A gnoll sergeant (D:7)
  5 scorpions
  14 wights
  10 killer bees (D:9)
  3 jellies
  4 crimson imps (D:9)
  A lava snake (D:9)
  A hound (D:5)
  4 orc priests
  3 iguanas
  6 orc wizards
  2 sleepcaps
  7 adders
  2 gnolls
  2 shadow imps
  A white imp (D:5)
  4 worms
  2 dart slugs
  35 orcs
  5 bats
  2 endoplasms
  2 giant cockroaches
  8 goblins
  8 hobgoblins
  2 jackals (D:2)
  26 kobolds
  3 quokkas
  6 ball pythons
  4 frilled lizards
  7 rats
209 creatures vanquished.

Vanquished Creatures (others)
  An orc wizard (D:6)
1 creature vanquished.

Grand Total: 210 creatures vanquished

Notes
Turn   | Place    | Note
-------+----------+-------------------------------------------
     0 | D:1      | juan097 the Formicid Fighter began the quest for the Orb.
     0 | D:1      | Reached XP level 1. HP: 18/18 MP: 1/1
   134 | D:1      | Reached XP level 2. HP: 23/24 MP: 2/2
   188 | D:1      | Reached skill level 1 in Stealth
   777 | D:1      | Found a faded altar of an unknown god.
   813 | D:2      | Found Wehoavepn's Antique Armour Boutique.
   867 | D:2      | Reached XP level 3. HP: 28/29 MP: 3/3
  1443 | D:3      | Noticed a scorpion
  1508 | D:3      | Reached XP level 4. HP: 36/37 MP: 4/4
  1658 | D:3      | Found Karum's General Store.
  1669 | D:3      | Found a stormy altar of Qazlal.
  1986 | D:3      | Reached skill level 3 in Maces & Flails
  1986 | D:3      | Reached skill level 5 in Shields
  1986 | D:3      | Reached XP level 5. HP: 27/41 MP: 5/5
  2194 | D:3      | Found an ornate altar of the Wu Jian Council.
  2782 | D:4      | Reached XP level 6. HP: 38/49 MP: 6/6
  3076 | D:4      | Reached skill level 5 in Fighting
  3076 | D:4      | Reached XP level 7. HP: 56/56 MP: 7/7
  3250 | D:4      | Reached skill level 4 in Maces & Flails
  3608 | D:4      | Found Iqeca's Magic Scroll Boutique.
  3611 | D:4      | Bought a scroll of noise for 13 gold pieces
  3611 | D:4      | Bought a scroll of identify for 26 gold pieces
  3626 | D:4      | Bought a scroll of identify for 26 gold pieces
  3626 | D:4      | Bought a scroll of identify for 26 gold pieces
  3700 | D:5      | Entered Level 5 of the Dungeon
  3944 | D:5      | Found a sparkling altar of Nemelex Xobeh.
  4423 | D:5      | Found a shadowy altar of Dithmenos.
  4878 | D:5      | Found a snail-covered altar of Cheibriados.
  4883 | D:5      | Found a burning altar of Makhleb.
  4883 | D:5      | Found a broken altar of Ashenzari.
  4901 | D:5      | Found a glowing silver altar of Zin.
  4904 | D:5      | Found a shimmering blue altar of Sif Muna.
  4913 | D:5      | Became a worshipper of Zin the Law-Giver
  4913 | D:5      | Reached * piety under Zin
  5138 | D:6      | Reached skill level 5 in Maces & Flails
  5138 | D:6      | Reached XP level 8. HP: 64/64 MP: 8/8
  5205 | D:6      | Reached skill level 6 in Maces & Flails
  5371 | D:6      | Found a white marble altar of Elyvilon.
  5387 | D:6      | Reached skill level 7 in Maces & Flails
  5707 | D:6      | Reached skill level 8 in Maces & Flails
  5715 | D:6      | Reached skill level 1 in Invocations
  5715 | D:6      | Reached XP level 9. HP: 32/61 MP: 9/9
  5798 | D:6      | Reached skill level 1 in Dodging
  6267 | D:6      | Reached ** piety under Zin
  6575 | D:7      | Found a staircase to the Ecumenical Temple.
  6717 | D:7      | Noticed a hornet
  6817 | D:8      | Reached skill level 1 in Throwing
  6874 | D:8      | Reached *** piety under Zin
  7283 | D:7      | Identified the +0 chain mail of the Bespelled God {Rampage
                  | rF- Dex+5}
  7301 | D:6      | Reached skill level 5 in Armour
  7578 | D:8      | Reached XP level 10. HP: 74/79 MP: 13/13
  7593 | D:8      | Reached skill level 9 in Maces & Flails
  8437 | D:9      | Reached **** piety under Zin
  8575 | D:9      | Found a shimmering altar of Xom.
  8851 | D:9      | Reached skill level 10 in Maces & Flails
  8875 | D:9      | Noticed a +0 triple sword
  8877 | D:9      | Found Raaff's Weapon Emporium.
  8878 | D:9      | Noticed a +0 giant spiked club
  8937 | D:10     | Entered Level 10 of the Dungeon
  9161 | D:10     | Found a bloodstained altar of Trog.
  9254 | D:10     | Found a staircase to the Orcish Mines.
  9412 | D:10     | Noticed a two-headed ogre
  9445 | D:10     | HP: 2/83 [two-headed ogre/+0 giant club (18)]
  9445 | D:10     | Slain by a two-headed ogre

Illustrated notes

Levels and vault maps discovered:
D:1:      dpeg_chamrin_arrival_tetris, layout_loops_ring,
          shapermc_ecumenical_altar_petra, corexii_leaking_fountain
D:2:      layout_basic, serial_shops, shop
D:3:      layout_loops_ring, nicolae_qazlal_scattered_showers,
          mainiacjoe_overflow_alcove_4, serial_shops, shop, serial_bayou,
          serial_bayou_shore_b, serial_bayou_pond_c, serial_bayou_pond_a,
          serial_bayou_pond_b, kennysheep_generic_room_2
D:4:      cheibrodos_quashed, layout_basic, serial_shops,
          nicolae_shop_rolled_up, minmay_misc_feat_pillars,
          chequers_serial_rivers_room_a
D:5:      layout_loops_ring, minmay_overflow_temple_star_hex,
          mainiacjoe_overflow_big_doors
D:6:      layout_basic, elyvilon_altar_3
D:7:      layout_gridville, minmay_temple_entry_gardened_gates,
          ebering_ghost_disaster_area, minmay_misc_feat_doors,
          minmay_hollow_rounded_squares
D:8:      layout_loops_corners, minmay_misc_feat_hallway, minmay_misc_feat_x,
          minmay_increasing_density
D:9:      layout_loops_ring, led_xom_imps, serial_shops,
          nicolae_shop_mannequins, minmay_misc_feat_tiny, nicolae_lava_and_water
D:10:     layout_layer_cave, trog_hazing_becter, david_orc_2, enter_trove_6,
          uniq_fannar

Skill      XL: |  1  2  3  4  5  6  7  8  9 10 |
---------------+-------------------------------+-----
Stealth        | 1 2 3 4 |  4.0
Fighting       | 4 5 6 7 9 |  9.1
Maces & Flails | 3 5 8 10 | 10.1
Shields        | 5 6 |  6.0
Invocations    | 1 4 |  4.4
Dodging        | 2 |  2.0
Armour         | 5 6 |  6.0
Throwing       | 2 4 |  4.0

Action                     |  1- 3 |  4- 6 |  7- 9 | 10-12 || total
---------------------------+-------+-------+-------+-------++-------
  Melee: Flail             |    99 |   113 |   146 |       ||   358
         Hand axe          |       |     9 |     8 |       ||    17
         Morningstar       |       |       |   160 |    57 ||   217
         Great mace        |       |       |       |   148 ||   148
   Fire: Sling             |       |    28 |    24 |       ||    52
         Orcbow            |       |       |    84 |    30 ||   114
  Throw: Dart              |       |     1 |     2 |     7 ||    10
         Throwing net      |       |       |       |     1 ||     1
 Invoke: Recite            |       |       |     3 |     3 ||     6
         Vitalisation      |       |       |     1 |     3 ||     4
Ability: Dig               |       |       |     4 |     1 ||     5
    Use: Scroll            |       |       |    17 |       ||    17
         Potion            |       |       |     3 |       ||     3
   Stab: Invisible         |       |     1 |       |       ||     1
         Confused          |       |       |       |     1 ||     1
         Held in net/web   |       |       |       |     1 ||     1
 Armour: Scale mail        |    56 |    43 |   100 |   101 ||   300
  Dodge: Dodged            |    53 |    53 |   142 |   119 ||   367
  Block: Buckler           |    21 |    29 |    90 |    65 ||   205

Table legend: (Time is in decaauts)
 A = Elapsed time spent in this place.
 B = Non-inter-level travel time spent in this place.
 C = Inter-level travel time spent in this place.
 D = Time resting spent in this place.
 E = Time spent auto-exploring this place.
 F = Levels seen in this place.
 G = Mean time per level.
                   A        B        C        D        E       F      G
               +--------+--------+--------+--------+--------+-----+--------+
         Total |   9650 |   9326 |    324 |      0 |   6861 |  10 |  965.0 |
       Dungeon |   9650 |   9326 |    324 |      0 |   6861 |  10 |  965.0 |
               +--------+--------+--------+--------+--------+-----+--------+

Top non-repeatable levels by time:
     D:6: 1482 daAuts
     D:5: 1414 daAuts
     D:8: 1268 daAuts
     D:3: 1155 daAuts
     D:4: 1094 daAuts
     D:9: 864 daAuts
     D:1: 826 daAuts
     D:2: 711 daAuts
    D:10: 464 daAuts
     D:7: 368 daAuts
